 Dungeon Crawl Stone Soup version 0.21-a0-472-g223bcb9 (webtiles) character file.

220 slep the Slasher (level 5, -1/48 HPs)
             Began as a Minotaur Monk on Nov 22, 2017.
             Slain by an orc
             ... wielding a +2 hand axe of electrocution
              (17 damage)
             ... on level 4 of the Dungeon.
             The game lasted 00:05:43 (1205 turns).

slep the Slasher (Minotaur Monk)                    Turns: 1205, Time: 00:05:44

Health: -1/48      AC:  9    Str: 16    XL:     5   Next: 64%
Magic:  4/4        EV: 11    Int:  7    God:
Gold:   103        SH:  0    Dex: 13    Spells: 4/4 levels left

rFire    . . .     SeeInvis .   a - +0 falchion
rCold    + + .     Gourm    .   (no shield)
rNeg     . . .     Faith    .   e - +0 ice dragon scales
rPois    .         Spirit   .   (helmet restricted)
rElec    .         Reflect  .   (no cloak)
rCorr    .         Harm     .   (no gloves)
MR       .....                  (no boots)
Stlth    ..........             (no amulet)
HPRegen  0.16/turn              d - ring of protection from fire
MPRegen  0.09/turn              (no ring)

@: no status effects
A: retaliatory headbutt, horns 2
a: no special abilities


You were on level 4 of the Dungeon.
You were not hungry.

You visited 1 branch of the dungeon, and saw 4 of its levels.

You collected 103 gold pieces.

Inventory:

Hand Weapons
 a - a +0 falchion (weapon)
 h - a +0 dagger of venom
Missiles
 i - 8 javelins (quivered)
 l - 13 poisoned needles
Armour
 b - a +0 robe
 e - +0 ice dragon scales (worn)
Jewellery
 d - a ring of protection from fire (left hand)
Wands
 n - a wand of random effects (26)
Scrolls
 g - 2 scrolls of identify {unknown}
 m - a scroll of teleportation {unknown}
Books
 f - a book of Maledictions

   Spells                             Type                      Level
   a - Corona                         Hexes                        1
   b - Ensorcelled Hibernation        Hexes/Ice                    2
   c - Confuse                        Hexes                        3
   d - Tukima's Dance                 Hexes                        3
   e - Dazzling Spray                 Conjuration/Hexes            3
Comestibles
 c - 3 bread rations
 j - a meat ration
 k - a royal jelly
 o - 2 chunks of flesh


   Skills:
 + Level 5.0 Fighting
 + Level 5.5 Long Blades
 + Level 2.0 Armour
 + Level 4.2 Dodging
 + Level 1.9 Stealth


You had 4 spell levels left.
You didn't know any spells.

Dungeon Overview and Level Annotations

Branches:
Dungeon (4/15)             Temple (0/1) D:4

Altars:
Makhleb
Xom
Zin

Annotations:
D:2 Sigmund


Innate Abilities, Weirdness & Mutations

You reflexively headbutt those who attack you in melee.
You have a pair of horns on your head.


Message History

An orc comes into view. It is wielding a dagger.
You slash the hound!
You kill the hound!
Your Armour skill increases to level 2!
An orc priest comes into view. It is wielding a whip.
The orc wizard hits you but does no damage.
The orc hits you with a hand axe of electrocution.
You are electrocuted!
There is an open door, spattered with blood here.
The orc wizard hits you but does no damage.
The orc hits you but does no damage.
The orc wizard hits you but does no damage.
The orc barely misses you.
You riposte.
You hit the orc. You headbutt the orc.
You kill the orc!
The orc barely misses you.
The orc priest looks braver for a moment.
There is a staircase to the Ecumenical Temple here.
The orc wizard hits you but does no damage.
The orc hits you but does no damage.
You are electrocuted!
You die...

#....####### ##.
#........... #..
#...####.###
..#####...#4##..#
..##....#######.#
###'#####.#2#_....#
###.....#.#.#########
###.#.⌠.⌠.#..†..#3#
#...'..@o.'.....###
..###.⌠oo.##...##
#.....####.## .. ###'###
#..##### ....###.#
##.....####
........###########...#.
.##..........## ###...
#######.....########.#
#####......##..#


You could see an orc priest, an orc wizard and an orc.

Vanquished Creatures
  An orc priest (D:3)
  A hound (D:4)
  An orc wizard (D:3)
  2 worker ants (D:4)
  5 adders
  An ooze (D:3)
  A dart slug (D:4)
  7 orcs
  2 bats (D:3)
  A giant cockroach (D:3)
  3 goblins
  3 hobgoblins (D:3)
  A jackal (D:2)
  2 kobolds
  A ball python (D:3)
  2 frilled lizards
  A leopard gecko skeleton (D:4)
  A rat (D:1)
36 creatures vanquished.

Notes
Turn   | Place    | Note
-------+----------+-------------------------------------------
     0 | D:1      | slep the Minotaur Monk began the quest for the Orb.
     0 | D:1      | Reached XP level 1. HP: 19/19 MP: 0/0
    46 | D:2      | Noticed Sigmund
    56 | D:3      | Reached XP level 2. HP: 23/27 MP: 1/1
   238 | D:3      | Reached XP level 3. HP: 28/33 MP: 2/2
   516 | D:3      | Found a shimmering altar of Xom.
   588 | D:3      | Reached XP level 4. HP: 35/41 MP: 3/3
   597 | D:3      | Reached skill level 1 in Armour
   980 | D:4      | Found a burning altar of Makhleb.
   980 | D:4      | Noticed a balrug
   983 | D:4      | Noticed an orange demon
   983 | D:4      | Noticed a neqoxec
  1004 | D:4      | Reached skill level 5 in Long Blades
  1044 | D:4      | Found a glowing silver altar of Zin.
  1048 | D:4      | Reached XP level 5. HP: 46/47 MP: 4/4
  1163 | D:4      | Reached skill level 5 in Fighting
  1189 | D:4      | Found a staircase to the Ecumenical Temple.
  1205 | D:4      | Slain by an orc

Vault maps used:
D:1:      saegor_arrival_simple_f
D:2:      nemelex_xobeh_ov_fountains_minmay, tgw_trog, uniq_sigmund
D:3:      lemuel_round_altar, first_bread, grunt_ministairs_6
D:4:      cheibrodos_greedy_goblins, makhleb_altar_promises_db,
          old_standard_altar, minmay_temple_entry_hall

Skill      XL: |  1  2  3  4  5 |
---------------+----------------+-----
Fighting       | 4 5 |  5.0
Long Blades    | 4 5 |  5.5
Dodging        | 4 |  4.2
Armour         | 1 2 |  2.0
Stealth        | |  1.9

Action                   |  1- 3 |  4- 6 || total
-------------------------+-------+-------++-------
Melee: Falchion          |    52 |    57 ||   109
       Headbutt          |     8 |     9 ||    17
  Use: Potion            |       |     1 ||     1
 Stab: Sleeping          |     2 |       ||     2
  Eat: Chunk             |       |     1 ||     1
Armor: Robe              |     4 |       ||     4
       Ice dragon scales |     7 |    34 ||    41
Dodge: Dodged            |    32 |    40 ||    72
       Rpst.: Falchion   |     7 |    15 ||    22

Table legend:
 A = Spawn XP
 B = Non-spawn XP
 C = Spawn XP percentage of total XP
 D = Spawn monster count
 E = Non-spawn monster count
 F = Spawn count percentage of total count
 G = Total turns spent on level
                    A         B        C        D         E        F      G
               +---------+---------+-------+---------+---------+-------+---------
         Total |       0 |     315 |   0.0 |       0 |      36 |   0.0 |  1205
               +---------+---------+-------+---------+---------+-------+---------
           D:1 |       0 |       6 |   0.0 |       0 |       4 |   0.0 |    46
           D:2 |       0 |       2 |   0.0 |       0 |       1 |   0.0 |     9
           D:3 |       0 |     152 |   0.0 |       0 |      22 |   0.0 |   888
           D:4 |       0 |     155 |   0.0 |       0 |       9 |   0.0 |   262
               +---------+---------+-------+---------+---------+-------+---------
